 Seeded DCSS version 0.30-a0-937-ga0a21ad780 (webtiles) character file.

Game seed: 14888120050964983059 (custom seed)

2191 Pimp the Stinger (level 9, 0/66 HPs)
             Began as a Barachi Venom Mage on Mar 24, 2023.
             Killed from afar by an acid dragon (30 damage)
             ... with a splash of acid
             ... on level 5 of the Dungeon.
             The game lasted 00:15:30 (5508 turns).

Pimp the Stinger (Barachi Venom Mage)               Turns: 5508, Time: 00:15:30

Health: 0/66       AC:  7    Str: 10    XL:     9   Next: 33%
Magic:  10/17      EV: 14    Int: 23    God:
Gold:   906        SH:  0    Dex: 15    Spells: 8/19 levels left

rFire   . . .      SeeInvis .    e - +0 short sword (drain)
rCold   . . .      Faith    .    (no shield)
rNeg    . . .      Spirit   .    a - +0 robe
rPois   +          Reflect  .    f - +0 helmet
rElec   .          Rampage  +    (no cloak)
rCorr   .          Archmagi +    g - +0 pair of gloves
Will    .....                    s - +2 pair of boots {rampage}
Stlth   +++                      (no amulet)
HPRegen 0.31/turn                v - ring of the Mage {Wiz Archmagi}
MPRegen 0.15/turn                i - ring of Atrurenau {rPois Int+6}

@: slow
A: amphibious, slowness 1, strong legs 1, +LOS
a: Hop


You were on level 5 of the Dungeon.
You visited 1 branch of the dungeon, and saw 5 of its levels.

You collected 1467 gold pieces.
You spent 561 gold pieces at shops.

Inventory:

Hand Weapons
 d - a +0 trident
 e - a +0 short sword of draining (weapon)
Armour
 a - a +0 robe (worn)
 f - a +0 helmet (worn)
 g - a +0 pair of gloves (worn)
 p - a +0 ring mail
 s - a +2 pair of boots of rampaging (worn)
Jewellery
 i - the ring of Atrurenau (right hand) {rPois Int+6}
   (You acquired it on level 3 of the Dungeon)

   [ring of intelligence]

   Int:       It affects your intelligence (+6).
   rPois:     It protects you from poison.
 o - a +6 ring of strength
 q - a ring of willpower
 v - the ring of the Mage (left hand) {Wiz Archmagi}
   (You bought it in a shop on level 3 of the Dungeon)

   [ring of wizardry]

   It improves your spell success rate.
   Archmagi:  It increases the power of your magical spells.
 w - a ring of poison resistance
 x - an amulet of magic regeneration
Wands
 b - a wand of digging (5)
Scrolls
 c - a scroll of blinking {unknown}
 h - a scroll of immolation {unknown}
 j - 2 scrolls of fog
 k - a scroll of fear
 l - 3 scrolls of vulnerability
 m - 3 scrolls of teleportation
 n - 3 scrolls of magic mapping
 y - a scroll of enchant armour {unknown}
 z - a scroll of silence
 B - a scroll of poison {unknown}
Potions
 r - a potion of invisibility {unknown}
 t - a potion of degeneration
 u - a potion of heal wounds {unknown}
 A - a potion of brilliance {unknown}
 C - 2 potions of magic
 D - 2 potions of curing


   Skills:
 + Level 4.4 Fighting
 + Level 4.0 Short Blades
 + Level 4.2 Armour
 + Level 4.8 Dodging
 + Level 4.2 Stealth
 * Level 5.5 Spellcasting
 + Level 4.2 Transmutations
 * Level 6.7 Poison Magic


You had 8 spell levels left.
You knew the following spells:

 Your Spells              Type           Power      Damage    Failure   Level
a - Sting                 Tmut/Pois      100%       1d8       1%          1
b - Olgreb's Toxic Radia  Pois           54%        N/A       2%          4
c - Mephitic Cloud        Conj/Pois/Air  24%        N/A       4%          3
d - Ignite Poison         Fire/Tmut/Pois 34%        N/A       2%          3

Your spell library contained the following spells:

 Spells                   Type           Power      Damage    Failure   Level
 Poisonous Vapours        Pois/Air       64%        N/A       1%          2
 Cigotuvi's Dreadful Rot  Necr/Pois/Air  48%        N/A       2%          2
 Kindle Blastsparks       Fire/Tloc/Air  18%        2d11      11%         3
 Freezing Cloud           Conj/Ice/Air   4%         6-21      65%         5


Dungeon Overview and Level Annotations

Branches:
Dungeon (5/15)
 Temple: D:4-7

Altars:
Kikubaaqudgha
Qazlal
Sif Muna

Shops:
D:1 :   D:3 =


Innate Abilities, Weirdness & Mutations

You are amphibious.
You cover ground slowly.
You can hop short distances.
You have an extended range of vision and can be seen from far away.


Message History

Casting: Olgreb's Toxic Radiance (dangerous; 2% risk of failure)
Confirm with . or Enter, or press ? or * to list all spells.
You feel a surge of power!
Your toxic radiance grows in intensity.
The acid dragon spits acid at you. The splash of acid misses you.
You hit the acid dragon but do no damage.
You drain the acid dragon.
The acid dragon is lightly wounded.
The acid dragon barely misses you. x2
You hit the acid dragon but do no damage.
You drain the acid dragon.
The acid dragon is moderately wounded.
You hit the acid dragon but do no damage.
You drain the acid dragon.
The acid dragon is heavily wounded.
The acid dragon barely misses you. The acid dragon closely misses you.
You hit the acid dragon but do no damage.
You drain the acid dragon.
You punch the acid dragon, but do no damage.
The acid dragon is heavily wounded.
The acid dragon misses you. The acid dragon barely misses you.
You hit the acid dragon but do no damage.
You drain the acid dragon.
The acid dragon is severely wounded.
Your toxic aura wanes.
The acid dragon bites you. The acid dragon claws you.
You closely miss the acid dragon.
The acid dragon is severely wounded.
The acid dragon misses you. The acid dragon barely misses you.
You barely miss the acid dragon.
The acid dragon is severely wounded.
You hit the acid dragon but do no damage.
The acid dragon is severely wounded.
The acid dragon bites you but does no damage.
The acid dragon claws you but does no damage.
You completely miss the acid dragon.
The acid dragon is severely wounded.
The acid dragon spits acid at you. The splash of acid hits you!!
You die...

......# ##### #...... ....
#...... ... +...... ##. ..#+# #.#
#...... #....##..######.# #.....#
#....#..>.......# #.....#
#....+.....D....+ #....)'
#+#####....#####@##'#######.....#
................................#
................................#
....................#########...#
....................# ..... #...#
..............).....#.......#...#
#####.....##'#......#.......#.###
....#.....#..#......^..._...^....
....#.....#..#......#.......#....


You could see an acid dragon (catching breath, very drained).

Vanquished Creatures
  A two-headed ogre (D:5)
  Pikel (D:5)
  A water moccasin (D:5)
  A black bear (D:4)
  2 ice beasts (D:5)
  An ogre (D:5)
  3 lemures (D:5)
  2 phantoms (D:4)
  Blork the orc (D:5)
  A scorpion (D:5)
  2 jellies
  An orc priest (D:3)
  2 sleepcaps (D:5)
  3 iguanas (D:4)
  3 gnolls (D:4)
  4 adders
  3 white imps (D:4)
  2 ufetubi (D:4)
  A worm (D:3)
  7 dart slugs
  8 orcs
  3 bats
  5 endoplasms
  6 giant cockroaches
  7 goblins
  4 hobgoblins
  4 jackals
  8 kobolds
  4 quokkas
  7 ball pythons
  3 frilled lizards
  4 rats
105 creatures vanquished.

Notes
Turn   | Place    | Note
-------+----------+-------------------------------------------
     0 | D:1      | Pimp the Barachi Venom Mage began the quest for the Orb.
     0 | D:1      | Reached XP level 1. HP: 13/13 MP: 3/3
   187 | D:1      | Found Fitz's Book Shoppe.
   221 | D:1      | Reached XP level 2. HP: 19/19 MP: 3/5
   528 | D:1      | Found a faded altar of an unknown god.
   548 | D:1      | Reached XP level 3. HP: 25/25 MP: 3/6
  1116 | D:2      | Reached skill level 1 in Fighting
  1116 | D:2      | Reached skill level 1 in Armour
  1168 | D:2      | Identified the +2 dagger of Fragile Peace {drain, rN+++
                  | Str+3 Int-3 Dex-3}
  1966 | D:2      | Reached XP level 4. HP: 32/32 MP: 5/7
  2301 | D:3      | Identified 3 scrolls of acquirement
  2301 | D:3      | Acquired a +2 pair of boots of rampaging
  2303 | D:3      | Acquired 1232 gold pieces
  2304 | D:3      | Acquired the ring of Atrurenau {rPois Int+6}
  2317 | D:3      | Learned a level 4 spell: Olgreb's Toxic Radiance
  2321 | D:3      | Learned a level 3 spell: Mephitic Cloud
  2366 | D:3      | Found Irhayteu's Jewellery Boutique.
  2400 | D:3      | Reached skill level 1 in Short Blades
  2430 | D:3      | Bought the ring of the Mage {Wiz Archmagi} for 561 gold
                  | pieces
  2430 | D:3      | Found the ring of the Mage {Wiz Archmagi}
  2557 | D:3      | Reached XP level 5. HP: 23/37 MP: 4/8
  2910 | D:4      | Noticed a black bear
  2930 | D:4      | Killed a black bear
  2931 | D:4      | Reached skill level 4 in Poison Magic
  3122 | D:4      | Reached XP level 6. HP: 33/44 MP: 6/10
  3257 | D:4      | Found a stormy altar of Qazlal.
  3272 | D:4      | HP: 2/44 [acid (10)]
  3777 | D:4      | Reached XP level 7. HP: 21/51 MP: 4/11
  4431 | D:4      | Found an ancient bone altar of Kikubaaqudgha.
  4524 | D:5      | Entered Level 5 of the Dungeon
  4607 | D:5      | Reached skill level 5 in Poison Magic
  4690 | D:5      | Noticed a two-headed ogre
  4709 | D:5      | Killed a two-headed ogre
  4710 | D:5      | Reached XP level 8. HP: 36/60 MP: 2/14
  4714 | D:5      | Learned a level 3 spell: Ignite Poison
  4791 | D:5      | Found a shimmering blue altar of Sif Muna.
  4922 | D:5      | Noticed Blork the orc
  4925 | D:5      | Killed Blork the orc
  4926 | D:5      | Reached skill level 6 in Poison Magic
  5240 | D:5      | Noticed Pikel
  5245 | D:5      | Killed Pikel
  5246 | D:5      | Reached skill level 5 in Spellcasting
  5246 | D:5      | Reached XP level 9. HP: 66/66 MP: 4/17
  5508 | D:5      | Killed from afar by an acid dragon

Illustrated notes

Levels and vault maps discovered:
D:1:      elethiomel_arrival_maze, layout_loops_ring, serial_shops,
          nicolae_lakefront_shop, hellmonk_ecumenical_altar_arch_garden,
          nicolae_concentric_dashed_squares_mild
D:2:      layout_basic
D:3:      layout_basic, serial_shops, nicolae_shop_stone
D:4:      minmay_chambers_of_threes, layout_loops_corners,
          mainiacjoe_overflow_surrounded_room, kiku_gazebo_garden_becter,
          serial_demonic, serial_demonic_c, serial_demonic_b, serial_demonic_e,
          serial_demonic_e, kennysheep_nondescript
D:5:      kennysheep_big_flooded_room, layout_gridville, lemuel_tele_altar,
          uniq_pikel, uniq_blork_the_orc

Skill      XL: |  1  2  3  4  5  6  7  8  9 |
---------------+----------------------------+-----
Stealth        | 2 3 4 |  4.2
Fighting       | 1 2 3 4 |  4.4
Armour         | 1 2 3 4 |  4.2
Short Blades   | 1 2 3 4 |  4.0
Dodging        | 3 4 |  4.8
Transmutations | 2 3 4 |  4.2
Poison Magic   | 4 5 6 |  6.7
Spellcasting   | 3 4 5 |  5.5

Action                     |  1- 3 |  4- 6 |  7- 9 || total
---------------------------+-------+-------+-------++-------
  Melee: Trident           |     4 |       |       ||     4
         Unarmed           |     1 |       |       ||     1
         Short sword       |    83 |   158 |   129 ||   370
         Punch             |     2 |     3 |     5 ||    10
   Cast: Sting             |    45 |    18 |     6 ||    69
         Olgreb's Toxic Ra |       |    10 |    19 ||    29
         Ignite Poison     |       |       |     3 ||     3
    Use: Scroll            |       |    10 |       ||    10
         Potion            |       |     6 |       ||     6
   Stab: Sleeping          |       |     4 |     3 ||     7
 Armour: Robe              |    48 |    58 |    34 ||   140
  Dodge: Dodged            |    89 |   116 |    74 ||   279

Table legend: (Time is in decaauts)
 A = Elapsed time spent in this place.
 B = Non-inter-level travel time spent in this place.
 C = Inter-level travel time spent in this place.
 D = Time resting spent in this place.
 E = Time spent auto-exploring this place.
 F = Levels seen in this place.
 G = Mean time per level.
                   A        B        C        D        E       F      G
               +--------+--------+--------+--------+--------+-----+--------+
         Total |   6141 |   5967 |    174 |   1076 |   3794 |   5 | 1228.2 |
       Dungeon |   6141 |   5967 |    174 |   1076 |   3794 |   5 | 1228.2 |
               +--------+--------+--------+--------+--------+-----+--------+

Top non-repeatable levels by time:
     D:4: 1811 daAuts
     D:2: 1376 daAuts
     D:1: 1232 daAuts
     D:5: 1057 daAuts
     D:3: 663 daAuts
